AoeStats
← 知耻而后勇喜笑颜开

Arabia

503120588Analyzed
2v2 RM · 1mo ago on Aug 30, 2026· 66m 2s· 4 players
Game mode
Random Map
Map size
Medium (4 player)
Population
200
Speed
Normal
Resources
Standard
Victory
Conquest
Starting age
Dark Age
Ending age
Imperial Age
RankedLock teamsTeams togetherTeam positionsShared explorationLock speedFull tech treeHidden civsTurbo modeCheats
Victory
Defeat
🇩🇪 Magyars · Germany
1116
+14
🇩🇪 Goths · Germany
1106
+14
1119
-16
🇨🇳 Berbers · China
1015
-12
Covid19
7:41 Loom
9:44 Feudal Age
11:32 Double-Bit Axe
11:31 Horse Collar
20:22 Castle Age
20:12 Fletching
20:16 Gold Mining
21:13 Bodkin Arrow
21:48 Bow Saw
26:32 Wheelbarrow
26:11 Husbandry
28:06 Ballistics
31:23 Stone Mining
40:21 Imperial Age
38:51 Bloodlines
38:44 Padded Archer Armor
39:51 Corvinian Army
39:59 Scale Barding Armor
40:37 Hand Cart
41:29 Parthian Tactics
41:09 Bracer
42:01 Chain Barding Armor
42:03 Heavy Plow
42:21 Elite Magyar Huszar
44:28 Plate Barding Armor
44:55 Conscription
46:12 Heavy Cavalry Archer
46:54 Recurve Bow
47:41 Thumb Ring
56:10 Crop Rotation
56:43 Two-Man Saw
Event 201
1:45 Loom
12:04 Feudal Age
15:06 Man-at-Arms
15:41 Double-Bit Axe
18:02 Scale Mail Armor
18:12 Forging
20:15 Castle Age
20:52 Long Swordsman
24:21 Wheelbarrow
25:46 Squires
29:58 Pikeman
30:50 Anarchy
32:13 Hand Cart
36:11 Fletching
36:58 Iron Casting
36:40 Chain Mail Armor
36:13 Town Watch
37:17 Bodkin Arrow
39:48 Gold Mining
40:01 Anarchy
43:03 Imperial Age
40:34 Town Patrol
44:10 Capped Ram
46:16 Halberdier
46:17 Two-Handed Swordsman
49:52 Elite Huskarl
61:40 Bow Saw
重庆kris
5:30 Loom
11:28 Feudal Age
21:39 Castle Age
20:28 Scale Barding Armor
22:03 Bloodlines
22:23 Forging
32:35 Double-Bit Axe
35:18 Horse Collar
35:50 Bow Saw
40:36 Imperial Age
38:46 Wheelbarrow
37:56 Town Watch
38:22 Light Cavalry
39:04 Husbandry
40:10 Hand Cart
39:50 Gold Mining
41:15 Chain Barding Armor
41:31 Iron Casting
42:03 Heavy Camel Rider
44:14 Conscription
45:15 Plate Barding Armor
45:39 Gold Shaft Mining
45:44 Heavy Plow
47:33 Hussar
知耻而后勇喜笑颜开
8:57 Feudal Age
8:53 Loom
9:23 Double-Bit Axe
10:00 Town Watch
10:50 Wheelbarrow
11:22 Horse Collar
18:38 Castle Age
18:10 Gold Mining
18:16 Gold Mining
18:50 Stone Mining
19:34 Bow Saw
19:24 Heavy Plow
19:42 Hand Cart
20:24 Gold Shaft Mining
23:44 Fervor
30:00 Imperial Age
30:33 Fletching
30:44 Padded Archer Armor
31:45 Chemistry
30:56 Masonry
31:56 Two-Man Saw
31:32 Bodkin Arrow
32:49 Bracer
33:04 Leather Archer Armor
33:34 Conscription
33:54 Guilds
33:47 Murder Holes
34:58 Architecture
36:45 Bolt Magazine
37:21 Hoardings
37:10 Ballistics
38:10 Ring Archer Armor
38:56 Forging
38:46 Scale Mail Armor
39:18 Coiled Serpent Array
40:06 Elite White Feather Guard
43:34 Chain Mail Armor
45:51 Plate Mail Armor
47:14 Siege Engineers
48:18 Arrowslits
53:45 Caravan
59:04 Thumb Ring
59:20 Crossbowman
60:51 Arbalester
65:30 Squires
65:15 Arson
Connection lost

Rejoining the realm…

Still unreachable

The connection could not be restored.

Session expired

The server has moved on; the page needs a fresh start.